[Event "Superbet Blitz Poland 2023"]
[Site "Warsaw"]
[Date "2023.05.25"]
[Round "10"]
[White "Duda, Jan-Krzysztof"]
[Black "Rapport, Richard"]
[Result "1-0"]
[ECO "A61"]
[WhiteElo "2724"]
[BlackElo "2745"]
[Annotator "TA"]
[PlyCount "147"]
[EventDate "2023.05.24"]
[EventType "tourn"]
[EventCountry "POL"]
[SourceTitle "playchess.com"]
[Source "ChessBase"]
[SourceQuality "1"]
[TimeControl "300+2"]

1. d4 Nf6 2. c4 c5 3. d5 e6 4. Nc3 exd5 5. cxd5 d6 6. Nf3 g6 7. Bf4 a6 8. a4 Bg7 9. h3 O-O 10. e3 Ne8 {[%emt 0:00:03] A61: Modern Benoni: Nf3 without early e4.} 11. Be2 Nd7 12. O-O b6 {[%emt 0:00:01] White is slightly better. 12...Ne5 is setting a new trend.} 13. Nd2 Ne5 14. Qc2 $5 {[%emt 0:00:19][%mdl 4] [#] Leaves trodden paths.} Bf5 $146 ({Predecessor:} 14... f5 15. Bh2 g5 16. f4 gxf4 17. exf4 Ng6 18. Nf3 h6 19. Rfe1 Nc7 20. Qd2 Bd7 {½-½ Schenderowitsch,M (2306)-Cosman,A (2155) Mirandela op 3rd 2022 (7)}) 15. e4 Bd7 16. Be3 {[%emt 0:00:35] Strongly threatening f4.} f5 $1 17. f4 Nf7 18. Bd3 fxe4 19. Ndxe4 Nc7 $1 20. Ng3 Qh4 21. Nge2 b5 22. axb5 axb5 23. Rxa8 Rxa8 24. f5 Ne5 25. fxg6 hxg6 (25... b4 $17 26. Bf2 (26. gxh7+ $2 Kh8 $19) 26... Qe7) 26. Bxg6 $11 b4 27. Ne4 b3 28. Qb1 Bxh3 $2 (28... Nxg6 $11 {and Black has nothing to worry.} 29. Nf6+ {[%mdl 64] Discovered Attack, Decoy} (29. Nxd6 $2 Ne7 $19) 29... Bxf6 30. Qxg6+ Bg7 31. Qf7+ Kh8) 29. gxh3 $2 (29. Nxd6 Bxg2 30. Kxg2 Qg4+ 31. Kf2 (31. Ng3 Nxg6 32. Qd1 Qxd1 $17) 31... Qh4+ 32. Kg2 Qg4+ 33. Kf2 (33. Ng3 Nxg6 34. Qd1 Nh4+ 35. Kh2 Qxd1 $17) 33... Nxd5 34. Bh7+ (34. Qe4 $2 Rf8+ 35. Ke1 Rxf1+ 36. Kxf1 Qh3+ 37. Ke1 Nxe3 $19) 34... Kh8 $11) ({White must play} 29. Bg5 $18 Qg4 30. Bh7+ (30. Nxd6 $2 Qxg2#) (30. Nf6+ Bxf6 31. Bh7+ Kf8 $11) 30... Kh8 31. N2g3) 29... Qxh3 30. N4g3 (30. N2g3 $5 Ng4 31. Rf2 $11) 30... Ng4 (30... Nxd5 $2 31. Qe4 (31. Bf5 Ng4 $18) 31... Nc7 32. Bf5 $18) 31. Rf2 {[%emt 0:00:01] Wards off Qh2+} Nxf2 (31... Nxe3 $2 32. Bf7+ Kh8 33. Rh2 $18) 32. Bxf2 {[%emt 0:00:01] This pair of bishops is nice.} Ra2 (32... Nxd5 $2 33. Be4 Qe6 34. Qd1 $18) 33. Bf5 (33. Nf4 $5 Qg4 $8 34. Bh7+ Kf7 35. Bg6+ Kg8 36. Bh7+ Kf7 37. Bg6+ Kg8 $11) 33... Qh6 {[%emt 0:00:02] [#]} (33... Rxb2 $2 34. Qxb2 $18) (33... Qh4 $11) 34. Qe4 $1 $16 Qf6 {[%emt 0:00:44] Dodges Qe7} (34... Bxb2 $2 35. Qe7 Ra8 36. Qxc7 $18) 35. Be6+ Nxe6 36. dxe6 {[%emt 0:00:02] aiming for e7.} Qe5 $2 (36... Qxb2 $2 37. e7 Qa1+ 38. Kh2 $18) (36... Ra7 $1 $14) 37. Qg6 $18 {[%emt 0:00:04] Black must now prevent Ne4.} Ra1+ $2 (37... Qf6 38. Qe4 (38. Qe8+ Bf8 $11) 38... Qe5) 38. Kg2 Ra7 39. Qe8+ $2 (39. Nh5 $18) 39... Bf8 40. Kf3 {[%emt 0:00:04] Hoping for Nf4.} Re7 (40... Rg7 $2 41. Nf4 Re7 42. Qg6+ Rg7 43. Qe8 $18 (43. e7 Qxe7 44. Qf5 Qg5 $15)) (40... Qd5+ $11 41. Ne4 Re7 42. Qg6+ Rg7) 41. Qg6+ $14 Rg7 42. Qf5 {[%emt 0:00:03] Qxe5 would be deadly. Really sharp!} Qxb2 (42... Re7 $1 $14) 43. Nh5 $18 {[%emt 0:00:01][%cal Of2d4] Bd4! would kill now.} Qc2 $2 (43... Be7 $18 44. Be1 (44. Bd4 cxd4 45. Nxg7 d3 $11) 44... Qe5 45. Nxg7 Qxg7) 44. Nf6+ Kh8 45. Qh5+ Rh7 46. Nxh7 $2 (46. e7 {mates} Qd3+ 47. Be3 Bxe7 48. Qe8+ (48. Qxh7+ Qxh7 49. Nxh7 b2 $11) 48... Kg7 49. Qxe7+ Kg6 50. Nf4+ Kf5 51. Qe6+ Kg5 52. Nxd3+ {[%mdl 64] Discovered Attack} Kg6 53. Ne8+ {[%mdl 64] Discovered Attack} Kh5 54. Qg4#) 46... Qxh7 $16 47. Qe8 ({Better is} 47. Qxh7+ $16 Kxh7 48. Nc3) 47... Qd3+ $2 {[%emt 0:00:04][%mdl 8192] [#] White now steadily converts the win.} (47... Qf5+ $2 48. Nf4 Kh7 49. e7 $18) (47... Kg8 $11) 48. Be3 $1 Qf5+ 49. Bf4 $2 ({Worse is} 49. Kg3 b2 50. e7 (50. Nc3 Kh7 $11) 50... Qe5+ 51. Nf4 Qxe3+ 52. Kg4 Qg1+ 53. Kh4 Qf2+ 54. Kg4 Qg1+ 55. Kh4 Qh1+ 56. Kg5 Qg1+ 57. Kh4 $11) (49. Nf4 $18 {is the precise move to win. White wants to mate with e7.} Kg7 50. e7) 49... b2 $2 (49... Kh7 $16 50. e7 Bh6) 50. e7 {[%emt 0:00:01][%mdl 64] Pin. White mates.} Kg8 51. exf8=Q+ Qxf8 52. Qxf8+ Kxf8 53. Bxd6+ Kf7 54. Nc3 $1 (54. Bxc5 $2 {too greedy.} b1=Q 55. Bd4 Ke6 $19) 54... Ke6 55. Bxc5 Kd7 56. Nb1 Kc6 57. Ba3 Kb5 58. Ke3 Kc4 59. Bxb2 Kd5 60. Nd2 Kc5 61. Ke4 Kd6 62. Bd4 Kc6 63. Ke5 Kc7 64. Kd5 Kb7 65. Nc4 Kc7 66. Nd6 Kb8 67. Kc6 Ka8 68. Nb5 Kb8 69. Nc7 Kc8 70. Ba7 Kd8 71. Nd5 Ke8 72. Kd6 Kf7 73. Ne7 Kf6 74. Be3 {[%emt 0:00:01] Artfully played by Duda.   Weighted Error Value: White=0.42/Black=0.65} 1-0

[Event "Superbet Blitz Poland 2023"]
[Site "Warsaw"]
[Date "2023.05.25"]
[Round "10"]
[White "Shevchenko, Kirill"]
[Black "Deac, Bogdan-Daniel"]
[Result "0-1"]
[ECO "A14"]
[WhiteElo "2684"]
[BlackElo "2700"]
[Annotator "TA"]
[PlyCount "114"]
[EventDate "2023.05.24"]
[EventType "tourn"]
[EventCountry "POL"]
[SourceTitle "playchess.com"]
[Source "ChessBase"]
[SourceQuality "1"]
[TimeControl "300+2"]

1. c4 e6 2. g3 d5 3. Bg2 Nf6 4. Nf3 Be7 5. O-O O-O 6. b3 a5 7. Nc3 c6 8. d4 {[%emt 0:00:12] A14: English Opening: 1...e6 with b3 by White.} b6 9. Ne5 Nfd7 {[%emt 0:00:14][%cal Bf6d7,Bd7b6,Bb6c4][%mdl 32] [#] 9...Bb7 is a critical line.} 10. Nd3 $146 {[%emt 0:00:52] The position is equal.} ({Predecessor:} 10. Nxd7 Nxd7 11. e4 dxc4 12. bxc4 Ba6 13. Qb3 e5 14. Rd1 exd4 15. Rxd4 Qe8 16. Rd1 {0-1 Samadov,R (2450)-Bluebaum,M (2651) Speed Chess Q2 blitz 2022 (10)}) 10... Ba6 11. Nb2 b5 12. e4 (12. a3 $11) 12... bxc4 $15 13. bxc4 Nb6 $1 14. Qg4 Kh8 15. exd5 cxd5 16. Bf4 (16. c5 $142 Bxf1 17. Bxf1) 16... Nxc4 $17 ({Weaker is} 16... Bxc4 17. Nxc4 Nxc4 18. a4 $17) 17. Nba4 (17. Nxc4 $17 Bxc4 18. Rfb1) 17... Nc6 $19 18. Rfd1 Bf6 19. Ne2 $2 (19. Bc1) 19... Nd6 20. Rac1 Bxe2 21. Qxe2 Nxd4 22. Qd3 Rb8 23. Nc5 Rb2 {[%emt 0:00:09] [#] ...Ne2+ would be deadly.} 24. Rd2 {[%emt 0:00:06] Inhibits Ne2+.} Rxd2 25. Bxd2 Nc4 26. Bc3 Nf5 27. Bxf6 gxf6 28. h4 $2 (28. Bh3) 28... Qe7 29. Nb3 Rb8 30. Bxd5 $2 (30. Qc3 {was necessary.}) 30... Ne5 {[%emt 0:00:02] A dynamic duo of knights.} 31. Qc2 a4 32. Nd2 Nd4 33. Qe4 Qa7 ({Worse is} 33... exd5 34. Qxd4 Qb4 35. Qxb4 (35. Qxd5 $2 {perishes.} Qxd2 {[%mdl 64] Remove Defender, Decoy} 36. Qxd2 Nf3+ 37. Kg2 Nxd2 $19) 35... Rxb4 36. Rc2 $17) 34. Bc4 Rd8 (34... Rb2 $142 35. Qf4 Ndf3+ {[%mdl 64] Double Attack} 36. Kg2 Kg7) 35. Kg2 {[%emt 0:00:01] Dodges Ndf3} Kg7 36. a3 $2 (36. Be2) 36... Qc5 {[%emt 0:00:02] [#] Strongly threatening ...Nb3.} 37. Kh3 $2 (37. Qe3 Qc7 38. Kh3) 37... Qxa3 38. Re1 Qc3 39. Qf4 Ng6 40. Qxf6+ Kxf6 41. Ne4+ Kg7 {[%emt 0:00:01] ( -> ...Nf4+)} 42. Nxc3 Rc8 43. Nxa4 Rxc4 44. Nb6 Rc2 45. Rf1 (45. Kg2 $142) 45... h5 {[%emt 0:00:02] White must now prevent ...Ne5.} 46. Nd7 e5 47. Kg2 e4 48. Re1 f5 {[%emt 0:00:02] Threatens to win with ...Kf7.} 49. Rd1 Nf3 50. Rd6 Rc1 {[%emt 0:00:04] Black mates.} 51. Nf6 Nge5 52. Nxh5+ Kf7 53. Rf6+ Ke7 54. Rxf5 Rg1+ 55. Kh3 Rh1+ 56. Kg2 Rh2+ 57. Kf1 Nd3 {[%emt 0:00:01] White got outplayed after the opening.   Weighted Error Value: White=0.73/Black=0.49} (57... Ng4 $142 58. Ke2 Rxf2+ 59. Kd1 Ne3+ 60. Kc1 Rc2+ 61. Kb1 Nd2+ 62. Ka1 Nxf5 63. Ng7 Nxg7 64. h5 e3 65. h6 e2 66. hxg7 e1=Q#) 0-1

[Event "Superbet Blitz Poland 2023"]
[Site "Warsaw"]
[Date "2023.05.25"]
[Round "11"]
[White "Carlsen, Magnus"]
[Black "So, Wesley"]
[Result "1-0"]
[ECO "A06"]
[WhiteElo "2853"]
[BlackElo "2760"]
[Annotator "TA"]
[PlyCount "111"]
[EventDate "2023.05.24"]
[EventType "tourn"]
[EventCountry "POL"]
[SourceTitle "playchess.com"]
[Source "ChessBase"]
[SourceQuality "1"]
[TimeControl "300+2"]

1. b3 d5 2. Nf3 Nf6 3. Bb2 c5 (3... h6 4. g3 Bf5 5. d3 c5 6. Bg2 Nc6 7. Ne5 Nxe5 8. Bxe5 e6 9. Nd2 Be7 10. e4 Bg6 11. O-O O-O 12. Qe2 Bh5 13. f3 Nd7 {1-0 Carlsen,M (2855)-So,W (2778) Meltwater Tour Final rapid 2021 (9.1)}) 4. e3 e6 5. Bb5+ Nbd7 6. O-O {[%emt 0:00:03] A06: Réti Opening: 1 Nf3 d5.} a6 {[%emt 0:00:13] outshines the older 6...Bd6.} 7. Be2 {[%emt 0:00:05] [#]} Be7 $146 ({Predecessor:} 7... Bd6 8. d4 cxd4 9. exd4 O-O 10. Bd3 Qc7 11. Nbd2 b6 12. Re1 Bb7 13. a3 Rfd8 {0-1 Sadhwani,R (2627)-Deac,B (2700) Titled Tuesday intern op 18th Apr Early blitz 2023 (11)}) 8. c4 {[%emt 0:00:02] The position is equal.} O-O 9. cxd5 Nxd5 10. Nc3 Nxc3 11. dxc3 b6 12. Qc2 Bb7 13. Rfd1 {[%emt 0:00:20] Threatening Ne5.} Qc7 {[%emt 0:00:01] Wards off Ne5} 14. Bd3 g6 15. Be4 c4 16. Bxb7 Qxb7 17. Rd4 (17. Nd2 $5 ) 17... cxb3 18. axb3 Bf6 19. Rd2 Nc5 20. c4 Bxb2 21. Qxb2 Rad8 22. Rxd8 Rxd8 23. h4 Qe7 {[%emt 0:00:15] Against Qf6} 24. h5 gxh5 25. Qe5 Nxb3 (25... h4 $11 {keeps the balance.}) 26. Rxa6 $16 Qc5 $2 (26... f6 $16 {is tougher.} 27. Qg3+ (27. Qxh5 Rd1+ 28. Kh2 Qc7+ 29. g3 Qb7 $14) 27... Qg7) 27. Qg3+ $18 Kf8 28. Ng5 (28. Qf4 Qf5 $18) (28. Ra7 $18 {is more deadly. Strongly threatening Ne5.} Qf5 29. Qh4 Rd1+ 30. Kh2) 28... h6 $2 (28... Qf5 $16) 29. Nh7+ Ke7 30. Ra7+ Rd7 31. Qh4+ Kd6 32. Qf4+ Ke7 33. Qf6+ Kd6 {[#]} 34. Rxd7+ Kxd7 35. Qxf7+ {[%emt 0:00:01][%mdl 4096] Endgame KQN-KQN} (35. Qxh6 Nd2 $11) 35... Qe7 36. Nf6+ Kd8 37. Qg6 (37. Qxh5 $6 Qxf6 38. Qd1+ Kc7 39. Qxb3 Qa1+ 40. Kh2 Qf6 $16) 37... Na5 38. Qxh6 Nxc4 39. Nxh5 b5 40. Nf4 Kd7 41. Qh5 ({White should play} 41. Qh8 $18) 41... Kc6 (41... e5 $16) 42. Qf3+ (42. Qg6 $18) 42... Kb6 43. Qe4 {[%emt 0:00:01] And now Nd5+ would win.} Ka5 $2 (43... Kc5 $16 {was called for.} 44. Qg6 (44. Nxe6+ Kd6 $16) 44... Ne5) 44. Nxe6 Qb4 $2 (44... Qd7 $18 45. Nd4 Kb6) 45. Qc2 $2 (45. Qa8+ {mates} Kb6 46. Qb8+ Kc6 47. Qc7+ Kd5 48. Nf4+ Ke4 49. Qc6+ Kf5 50. Qg6+ Ke5 51. Qe6#) 45... Qe1+ 46. Kh2 Nd2 $2 (46... Qd2 47. Qxd2+ Nxd2) 47. Kg3 (47. Nd4 $142 Nf1+ 48. Kh3 Nxe3 49. Qa2+ Kb6 50. Qe6+ {[%mdl 64] Pin, Double Attack} Ka5 51. Qxe3 Qh1+ 52. Kg3) 47... Nf1+ 48. Kf4 Nd2 49. Kg3 Nf1+ $1 50. Kg4 {[%emt 0:00:01] Threatens to win with Nd4.} Nd2 (50... Qd2 $142 51. Qc7+ Ka4) 51. Qc3+ b4 52. Qc5+ Ka4 53. Nd4 b3 54. Qb5+ (54. Nc6 $142 Nc4 55. Qxc4+ Ka3 56. Nd4 Qd1+ 57. Kf4 Ka2 58. Qxb3+ Qxb3 59. Nxb3) 54... Ka3 {[%emt 0:00:00] [#]} 55. Qxb3+ $3 {[%emt 0:00:01][%mdl 576] Remove Defender} Nxb3 56. Nc2+ {[%emt 0:00:00] An interesting game.   Weighted Error Value: White=0.73/Black=0.46} 1-0

[Event "Superbet Blitz Poland 2023"]
[Site "Warsaw"]
[Date "2023.05.25"]
[Round "11"]
[White "Giri, Anish"]
[Black "Duda, Jan-Krzysztof"]
[Result "1-0"]
[ECO "A39"]
[WhiteElo "2768"]
[BlackElo "2724"]
[Annotator "TA"]
[PlyCount "127"]
[EventDate "2023.05.24"]
[EventType "tourn"]
[EventCountry "POL"]
[SourceTitle "playchess.com"]
[Source "ChessBase"]
[SourceQuality "1"]
[TimeControl "300+2"]

1. c4 Nf6 2. g3 c5 3. Bg2 Nc6 4. Nc3 g6 5. Nf3 Bg7 6. O-O O-O 7. d4 cxd4 8. Nxd4 Qa5 9. e3 {[%emt 0:00:18] is now debated instead of 9.Nb3.} d6 {[%emt 0:00:01] A39: Symmetrical English vs ...g6: 4 Bg2 Bg7 5 Nf3 Nf6 6 0-0 0-0 7 d4.} 10. Bxc6 bxc6 11. Nxc6 Qc7 {[%emt 0:00:02] The position is equal.} 12. Nd5 Nxd5 13. cxd5 Bb7 14. Bd2 Bxc6 {[%emt 0:00:11] This pair of bishops is nice.} 15. Rc1 {[%emt 0:00:17][%mdl 64] Pin} Bxb2 16. Rxc6 Qd7 17. Qc2 Bf6 {[%emt 0:00:02] [#]} 18. Bc3 $5 $146 {[%emt 0:00:09][%mdl 8] An interesting novelty.} ({Predecessor:} 18. Kg2 Rab8 19. Rb1 Qg4 20. f3 Qd7 21. e4 h5 22. Be3 Kg7 23. h3 Rfc8 24. Rb3 Rxb3 25. axb3 {½-½ Anton Guijarro,D (2634)-Almasi,Z (2689) Wch Rapid Berlin 2015 (4)}) 18... Bxc3 19. Qxc3 (19. Rxc3 $5 Qb5 20. Rc7 $14) 19... Rfc8 20. Rc1 Rxc6 21. dxc6 $14 {[%emt 0:00:13][%mdl 4096] Endgame KQR-KQR} Qc7 22. e4 Rb8 23. Qc4 Rb2 24. Rc2 Rb6 25. Kg2 e6 26. g4 Rb8 27. h4 Rd8 28. Qd4 e5 29. Qc4 {[%emt 0:00:08] aiming for Rb2.} Rc8 30. f3 (30. Rc3 $16) 30... Kg7 31. Qc3 Qe7 32. c7 (32. Qd2 $14) 32... Qxh4 $11 33. Qc6 {[%emt 0:00:01] Active counter play!} Qe7 34. Qb7 Qd7 35. Qxa7 Qb5 36. Qe3 Qa5 $2 (36... Kf6 $11) 37. Qc1 $2 (37. Qc3 $18 Qxc3 38. Rxc3) 37... h6 38. a3 Qa7 (38... Kf6 $11) 39. Kg3 (39. Rc6 $16) 39... Qa5 (39... Kf6 $11 {remains equal.}) 40. Rc4 (40. Rc6 $16) 40... Qa7 41. a4 Qa5 42. Qc3 Qa7 {[%emt 0:00:01] ( -> ...Qg1+)} 43. Kg2 {[%emt 0:00:01] Dodges Qg1+. And now f4 would win.} Kf6 $2 (43... h5 $11) 44. a5 $2 (44. f4 $1 $18 Kg7 45. fxe5 dxe5 46. Qxe5+ Kh7 47. Qf4) 44... Ke7 $1 45. Rc6 Kd7 46. a6 {[%emt 0:00:07] Really sharp!} Rxc7 (46... h5 $1 $11 {keeps the balance.}) 47. Rxc7+ (47. Qc4 $1 $16 {Rxc7+ would be deadly.} Kd8 48. Rxd6+ Ke7 49. Rc6 Rxc6 50. Qxc6) 47... Qxc7 {[%emt 0:00:01] KQ-KQ} 48. Qb3 Kc6 49. Kg3 Qe7 $2 (49... f6 $11) 50. Qb4 $2 (50. Qb8 $1 $18 Qf6 51. a7 Qf4+ 52. Kg2 Qd2+ 53. Kh3) 50... h5 $2 (50... Qa7 $11) 51. gxh5 $2 ({Only move:} 51. Qb8 $1 $18 {Strongly threatening a7.} Qg5 52. Qb7+ Kc5 53. Qxf7 (53. a7 Qf4+ 54. Kh3 Qxf3+ 55. Kh2 Qe2+ 56. Kh1 Qf3+ 57. Kh2 Qe2+ 58. Kh1 Qf3+ 59. Kh2 $11)) 51... gxh5 52. Qa5 Qg5+ 53. Kf2 {[%emt 0:00:01] Hoping for a7.} Qh4+ 54. Kg2 {[%emt 0:00:01] Black must now prevent a7.} Qg5+ 55. Kf2 {[%emt 0:00:01] a7 is the strong threat.} Qh4+ 56. Ke2 {[%emt 0:00:04] Intending a7 and mate.} (56. Kg2 $5 Qg5+ $8 57. Kf1 Qc1+ 58. Kg2 Qg5+ $11) 56... Qh2+ 57. Kd3 {[%emt 0:00:00] a7 would kill now.} Qf2 58. Qd5+ Kb6 59. Qb7+ Ka5 60. a7 Qxf3+ $2 {[%emt 0:00:02][%mdl 8192] [#]} (60... Qf1+ $11 61. Kc2 (61. Ke3 Qe1+ 62. Kd3 Qd1+ 63. Ke3 Qe1+ 64. Kd3 Qd1+ 65. Ke3 Qe1+ $11) 61... Qf2+ 62. Kc3 Qd4+ 63. Kb3 Qe3+ 64. Kb2 Qf2+ 65. Kb3 Qe3+ 66. Kc4 Qd4+ 67. Kb3 Qe3+) 61. Kc4 $1 $18 {[%emt 0:00:03][%cal Ra7a8] White is clearly winning.} Qe2+ {[%emt 0:00:02] [#]} 62. Kd5 $1 Qd3+ 63. Kc6 Qxe4+ 64. Kc7 {[%emt 0:00:02] Weighted Error Value: White=0.46/Black=0.35} 1-0

[Event "Superbet Blitz Poland 2023"]
[Site "Warsaw"]
[Date "2023.05.25"]
[Round "11"]
[White "Aronian, Levon"]
[Black "Shevchenko, Kirill"]
[Result "0-1"]
[ECO "B31"]
[WhiteElo "2745"]
[BlackElo "2684"]
[Annotator "TA"]
[PlyCount "107"]
[EventDate "2023.05.24"]
[EventType "tourn"]
[EventCountry "POL"]
[SourceTitle "playchess.com"]
[Source "ChessBase"]
[SourceQuality "1"]
[TimeControl "300+2"]

1. e4 c5 2. Nf3 Nc6 3. Bb5 g6 4. O-O Bg7 5. Re1 e5 6. Bxc6 dxc6 7. d3 Qe7 8. Be3 {[%emt 0:00:05] B31: Sicilian: 2...Nc6 3 Bb5 g6.} Nf6 9. h3 O-O 10. Nbd2 {[%emt 0:00:05] The position is equal.} Ne8 11. a3 Nc7 {[%emt 0:00:13] [#]} 12. c3 $146 ({Predecessor:} 12. Nc4 Na6 13. Qd2 f6 14. Bh6 Bxh6 15. Qxh6 Nc7 16. Kh2 Ne6 17. g3 Bd7 18. c3 {1-0 Scekic,M (2399)-Bogosavljevic,B (2536) SRB-chT Premier 2021 (9.6)}) 12... Rd8 13. Qc2 b6 14. b4 Ba6 15. Nc4 Bxc4 16. dxc4 Ne6 17. b5 cxb5 18. cxb5 c4 19. a4 Qc7 20. Red1 Nf4 21. Rxd8+ Rxd8 22. Rd1 Nd3 23. Ne1 Nxe1 24. Rxe1 Qd7 25. Bg5 f6 26. Be3 f5 27. Bg5 Qd3 28. Qa2 (28. Qc1 $5 Rd7 29. exf5 $11) 28... Rd7 {[%emt 0:00:18] Strongly threatening ...f4.} (28... Qxc3 $2 29. Rc1 Qb3 30. Qxb3 cxb3 31. Bxd8 $18) (28... Rd6 $5 ) 29. Re3 {[%emt 0:00:28] Repels f4} (29. a5 $11) 29... Qd1+ $17 30. Kh2 h6 $1 31. Qxc4+ Kh7 {[%emt 0:00:01] White must now prevent ...f4.} 32. exf5 hxg5 33. fxg6+ Kxg6 (33... Kh6 $1 $17 {...Qh5 would be deadly.} 34. h4 (34. Qg8 Bf6 $17) 34... gxh4) 34. Qe6+ (34. Qe4+ {with more complications.} Kf7 35. Rf3+ Kg8 36. Qa8+) 34... Kh7 35. Qf5+ Kh8 (35... Kg8 $5 ) 36. Qxg5 Qd5 (36... Qxa4 $2 37. Qh5+ Kg8 38. Qe8+ Kh7 39. Qxd7 $18) 37. Rf3 e4 38. Rf5 Qd6+ 39. g3 Qe6 (39... Bxc3 $2 40. Qh5+ Kg7 41. Qg4+ Qg6 42. Rg5 $18 (42. Qxe4 Bf6 $11)) 40. Kg2 e3 (40... Bxc3 $2 41. Rf8+ Kh7 42. Qh5+ Kg7 43. Qh8+ Kg6 44. Qxc3 $18) 41. Qh5+ (41. Qg4 $11 {keeps the balance.} Re7 42. fxe3) 41... Kg8 {( -> ...e2). Black is much more active.} 42. Qg4 {[%cal Of5f8] And now Rf8+! would win.} e2 43. Rf8+ $1 {[%emt 0:00:02][%mdl 64] Discovered Attack} Kxf8 44. Qxe6 $11 {[%emt 0:00:01][%mdl 4096] Endgame KQ-KRB} Re7 {[%emt 0:00:01] The board is on fire.} 45. Qc8+ (45. Qf5+ $11 {and White stays safe.} Kg8 46. Qd5+ Kf8 47. Qf5+ Kg8 48. Qd5+ Kf8 49. Qf5+) 45... Kf7 $1 $19 46. Qf5+ {[%emt 0:00:22] [#]} Bf6 $1 47. Qh7+ Kf8 48. Qh6+ (48. Qf5 e1=Q 49. Qxf6+ Rf7 50. Qh6+ Ke8 51. Qh8+ Ke7 52. Qh4+ Rf6 53. Qh7+ Ke6 54. Qg8+ Kd7 55. Qg7+ Qe7 56. Qg4+ Qe6 57. Qd1+ Ke7 58. Qc2) 48... Bg7 {[%emt 0:00:02] Black is clearly winning.} 49. Qf4+ Ke8 50. Qb8+ Kf7 51. Qf4+ {[%emt 0:00:00] [#]} Bf6 $1 52. Qc4+ Re6 53. Qc7+ Kg6 54. h4 {[%emt 0:00:09] Weighted Error Value: White=0.59/Black=0.05 (flawless)} 0-1

[Event "Superbet Blitz Poland 2023"]
[Site "Warsaw"]
[Date "2023.05.25"]
[Round "11"]
[White "Rapport, Richard"]
[Black "Vachier-Lagrave, Maxime"]
[Result "0-1"]
[ECO "D00"]
[WhiteElo "2745"]
[BlackElo "2742"]
[Annotator "TA"]
[PlyCount "77"]
[EventDate "2023.05.24"]
[EventType "tourn"]
[EventCountry "POL"]
[SourceTitle "playchess.com"]
[Source "ChessBase"]
[SourceQuality "1"]
[TimeControl "300+2"]

1. d4 Nf6 2. Bg5 d5 3. e3 c5 4. Bxf6 gxf6 5. Bb5+ Nc6 6. Ne2 {[%emt 0:00:02] [#] D00: 1 d4 d5: Unusual lines.} e6 $146 ({Predecessor:} 6... e5 7. Nbc3 Be6 8. O-O a6 9. Bxc6+ bxc6 10. f4 Bd6 11. dxe5 fxe5 12. f5 Bd7 {0-1 Moradiabadi,E (2586)-Bacrot,E (2720) Wch Blitz 8th 2014 (1)}) 7. O-O Bd7 8. c4 {[%emt 0:00:02] The position is equal.} a6 9. Bxc6 Bxc6 10. cxd5 (10. b3 $11) 10... Qxd5 $17 11. Nf4 Qf5 12. dxc5 (12. d5 $142 exd5 13. Qh5 Qxh5 14. Nxh5) 12... Rd8 $2 ({Stronger than} 12... Qxc5 13. Nc3 $15) (12... Bxc5 13. Qh5 $17) (12... Rg8 $1 $19 {is more deadly.} 13. g3 Qe4) 13. Qh5 Qxc5 ({Of course not} 13... Bxc5 14. Qxf5 exf5 15. Nc3 $14) (13... Qxh5 {simplifies} 14. Nxh5 Bxc5 15. Nc3 Ke7) 14. Nc3 Qxh5 15. Nxh5 Ke7 16. Ne2 {[%emt 0:00:19] [#]} (16. Rfd1 $15) 16... Rg8 $1 17. Nhg3 {[%emt 0:00:01] [#]} f5 ({Black should play} 17... h5 $1 $17 {[%cal Rh5h4] ...h4 would be deadly.} 18. h4 f5) 18. Rac1 ({Better is} 18. Rad1 $1 $15) 18... Bg7 19. Rc2 {[%emt 0:00:05] Inhibits Rd2.} Bf6 20. f3 {[%emt 0:00:19] Prevents h5.} Rd3 21. Kf2 Rgd8 22. Rfc1 R8d7 23. Nf1 a5 24. Nc3 a4 25. a3 Rd8 26. Ke2 Be5 {[%emt 0:00:07][%cal Bf6e5,Be5h2,Bh2d6,Bd6b4][%mdl 32] Black is much more active. The white rooks are badly placed.} 27. Rd2 (27. g3 $142) 27... Rxd2+ 28. Nxd2 Bxh2 29. Rh1 Bd6 30. Rxh7 Rg8 31. Kf2 b5 32. Ne2 (32. Rh1 $17) 32... Bd5 (32... Be5 $19 33. Nd4 Bd7) 33. Nd4 $2 {[%emt 0:00:10] Now White is beyond hope.} (33. Rh5 $17 {was called for.}) 33... b4 $19 34. axb4 Bxb4 35. Nb1 {[%emt 0:00:15] [#]} f4 $1 36. Rh4 (36. Rh5 fxe3+) 36... fxe3+ (36... Rb8 $142 37. Ne2 Bc5 {[%mdl 64] Discovered Attack} 38. Rxf4 Rxb2) 37. Kxe3 {[%emt 0:00:01][%cal Od4f5] Black is clearly better.} Bc5 {[%emt 0:00:11][%cal Oe6e5] A strong pair of Bishops.} ({Not} 37... Rxg2 38. Nf5+ Kf6 39. Rxb4 $11) 38. Nc3 Bb3 {[%emt 0:00:07] Threatens to win with ...e5.} 39. Kd3 $2 {[%emt 0:00:14] Weighted Error Value: White=0.31/Black=0.22 (precise)} (39. Ke2 {was necessary.}) 0-1